 Dungeon Crawl Stone Soup version 0.30.0-5-g1a98f26d00 (webtiles) character file.

Game seed: 2757370171386661020

1703 GigaChad the Cleaver (level 9, -9/68 HPs)
             Began as a Formicid Fighter on May 12, 2023.
             Was a Priest of Trog.
             Mangled by an orc warrior
             ... wielding a +0 dire flail
              (10 damage)
             ... on level 7 of the Dungeon on May 13, 2023.
             The game lasted 00:10:41 (5541 turns).

GigaChad the Cleaver (Formicid Fighter)             Turns: 5541, Time: 00:10:42

Health: -9/68      AC: 14    Str: 32    XL:     9   Next: 23%
Magic:  9/9        EV:  7    Int:  7    God:    Trog [***...]
Gold:   394        SH:  9    Dex:  9    Spells: 8/8 levels left

rFire   . . .        a - +1 war axe
rCold   . . .        m - +0 kite shield of Cydiruyg {Str+6 Dex-4}
rNeg    . . .        C - +0 plate armour
rPois   .            (helmet unavailable)
rElec   .            x - +0 cloak
rCorr   .            (no gloves)
SInv    +            (no boots)
Will    .....        B - amulet of regeneration Stlth
                     (no ring)
HPRegen 1.11/turn    (no ring)
MPRegen 0.11/turn

%: no passive effects
@: lethally poisoned (-9 -> -9)
A: permanent stasis, dig shafts and tunnels, antennae 3, four strong arms
a: Dig, Shaft Self, Renounce Religion, Trog's Hand


You were on level 7 of the Dungeon.
You worshipped Trog.
Trog was most pleased with you.
You visited 2 branches of the dungeon, and saw 8 of its levels.

You collected 394 gold pieces.

Inventory:

Hand Weapons
 a - a +1 war axe (weapon)
Missiles
 s - a throwing net
Armour
 b - a +0 scale mail
 c - a +0 buckler
 m - the +0 kite shield of Cydiruyg (worn) {Str+6 Dex-4}
   (You found it on level 3 of the Dungeon)

   Str:       It affects your strength (+6).
   Dex:       It affects your dexterity (-4).
 n - a +1 chain mail
 x - a +0 cloak (worn)
 C - a +0 plate armour (worn)
Jewellery
 B - an amulet of regeneration (around neck)
Wands
 v - a wand of flame (25)
Scrolls
 f - 3 scrolls of amnesia
 i - a scroll of magic mapping
 l - a scroll of torment
 t - 3 scrolls of identify
 u - 2 scrolls of enchant armour
 w - a scroll of fog
 y - 2 scrolls of enchant weapon
 A - a scroll of vulnerability {unknown}
 D - a scroll of fear
Potions
 d - 2 potions of might
 e - 3 potions of attraction {unknown}
 g - 2 potions of heal wounds {unknown}
 h - 3 potions of flight {unknown}
 j - 3 potions of lignification {unknown}
 k - 9 potions of curing {unknown}
 o - a potion of ambrosia {unknown}
 p - a potion of experience {unknown}
 q - 2 potions of haste {unknown}
 r - a potion of resistance {unknown}
 z - 2 potions of degeneration {unknown}


   Skills:
 * Level 5.6 Fighting
 * Level 8.0 Axes
 * Level 6.8 Armour
 * Level 6.9 Shields


You had 8 spell levels left.
You didn't know any spells.
Your spell library was empty.

Dungeon Overview and Level Annotations

Branches:
Dungeon (7/15)             Temple (1/1) D:7

Altars:
Ashenzari
Dithmenos
Elyvilon
Gozag
Hepliaklqana
Kikubaaqudgha
Makhleb
Okawaru
Qazlal
Ru
Sif Muna
Trog
Yredelemnul
Zin

Shops:
D:3 !

Annotations:
D:6 3 runed translucent doors, domi's ghost, novice MeEE
D:7 2 transporters, voltaire321's ghost, novice HOMo


Innate Abilities, Weirdness & Mutations

You cannot be hasted, slowed, berserked, paralysed or teleported.
You can dig through walls and to a lower floor.
You have a pair of large antennae on your head. (SInv)
Your four strong arms can wield two-handed weapons with a shield.


Message History

Unknown command.
You hit the orc.
The orc is heavily wounded.
You closely miss the killer bee. You miss the killer bee.
You feel sick. The killer bee stings you!
* * * LOW HITPOINT WARNING * * *
You are more poisoned.
The killer bee poisons you! The killer bee completely misses you.
The killer bee stings you but does no damage.
You block the killer bee's attack. The orc hits you with a +0 whip.
* * * LOW HITPOINT WARNING * * *
The killer bee stings you but does no damage.
The killer bee barely misses you.
You closely miss the orc warrior.
You hit the killer bee but do no damage.
You miss the killer bee.
You feel sick.
The killer bee stings you but does no damage.
You block the killer bee's attack. x2
The killer bee stings you but does no damage.
The orc warrior unwields a +0 arbalest.
The orc warrior wields a +0 dire flail.
The orc warrior hits you with a +0 dire flail.
* * * LOW HITPOINT WARNING * * *
You hit the orc warrior.
The orc warrior is lightly wounded.
You barely miss the killer bee. You closely miss the killer bee.
You feel sick. You block the killer bee's attack. x2
The killer bee stings you but does no damage.
The killer bee stings you.
* * * LOW HITPOINT WARNING * * *
The orc warrior barely misses you.
You hit the orc warrior.
The orc warrior is lightly wounded.
You barely miss the killer bee. You closely miss the killer bee.
You feel sick. The killer bee barely misses you.
The killer bee completely misses you. You block the killer bee's attack.
The killer bee stings you but does no damage.
You block the killer bee's attack.
The killer bee stings you but does no damage.
The orc warrior hits you with a +0 dire flail!
You die... ### ### ... ... ./# #.# #.# # #.# #.## # ##.# #oo

# ##..# #o## # #
##...#####@y#...#
#
#........?.y.?....
#
##........©.©.....
####
##..#############
.?.#
##.#.OWOO)$...©#
##.#
#.#..##...##..#
##.#
####.#.#..#.#..#.#
##.#
#....#.#..#.#..#.#
##.# #.####..##...
#.


You could see an orc warrior, 3 ogres, 2 killer bees, voltaire321's ghost and 2
orcs.

Vanquished Creatures
  A slime creature (D:6)
  Menkaure (D:4)
  A water moccasin (D:6)
  2 black bears
  An ogre (D:5)
  A centaur (D:6)
  2 bullfrogs (D:7)
  4 scorpions
  2 killer bees (D:7)
  3 jellies (D:6)
  3 hounds
  2 iguanas (D:5)
  2 sleepcaps (D:5)
  Terence (D:3)
  8 adders
  2 white imps
  An ufetubus (D:3)
  A worm (D:3)
  5 dart slugs
  10 orcs
  7 ball pythons
  3 bats
  27 endoplasms
  2 giant cockroaches
  5 goblins
  10 hobgoblins
  7 kobolds
  8 quokkas
  5 frilled lizards
  8 rats
135 creatures vanquished.

Notes
Turn   | Place    | Note
-------+----------+-------------------------------------------
     0 | D:1      | GigaChad the Formicid Fighter began the quest for the Orb.
     0 | D:1      | Reached XP level 1. HP: 18/18 MP: 1/1
   109 | D:1      | Reached XP level 2. HP: 24/24 MP: 2/2
   298 | D:1      | Reached XP level 3. HP: 28/29 MP: 3/3
   440 | D:1      | Found a faded altar of an unknown god.
   811 | D:1      | Prayed at the altar of an unknown god.
   811 | D:1      | Became a worshipper of Trog the Wrathful
   811 | D:1      | Reached * piety under Trog
   832 | D:2      | Reached XP level 4. HP: 36/36 MP: 4/4
  1016 | D:2      | Reached skill level 3 in Axes
  1832 | D:3      | Noticed Terence
  1840 | D:3      | Killed Terence
  1841 | D:3      | Reached XP level 5. HP: 23/42 MP: 5/5
  1958 | D:3      | Reached ** piety under Trog
  1988 | D:3      | Identified the +0 kite shield of Cydiruyg {Str+6 Dex-4}
  2135 | D:3      | Found Uclan's Distillery.
  2145 | D:3      | Found a shadowy altar of Dithmenos.
  2383 | D:3      | Noticed a black bear
  2391 | D:3      | Killed a black bear
  2392 | D:3      | Reached skill level 4 in Axes
  2392 | D:3      | Reached skill level 5 in Shields
  2392 | D:3      | Reached XP level 6. HP: 48/48 MP: 6/6
  2819 | D:4      | Noticed Menkaure
  2824 | D:4      | Killed Menkaure
  2825 | D:4      | Reached skill level 5 in Axes
  2825 | D:4      | Reached skill level 5 in Armour
  2825 | D:4      | Reached XP level 7. HP: 38/55 MP: 7/7
  3636 | D:5      | Entered Level 5 of the Dungeon
  4008 | D:5      | Reached XP level 8. HP: 61/61 MP: 8/8
  4035 | D:5      | Reached skill level 6 in Axes
  4501 | D:5      | Found a stormy altar of Qazlal.
  4514 | D:5      | Found a burning altar of Makhleb.
  4518 | D:5      | Found a basalt altar of Yredelemnul.
  4768 | D:6      | Found a runed translucent gate.
  4769 | D:6      | Found a runed translucent gate.
  4770 | D:6      | Found a runed translucent gate.
  4771 | D:6      | Noticed domi's ghost (novice MeEE)
  4940 | D:6      | Reached skill level 5 in Fighting
  5138 | D:6      | Noticed a slime creature
  5152 | D:6      | Killed a slime creature
  5153 | D:6      | Reached skill level 7 in Axes
  5168 | D:6      | Reached *** piety under Trog
  5175 | D:6      | Reached XP level 9. HP: 36/68 MP: 9/9
  5384 | D:7      | Identified the +2 ring mail of Zil Ked {rF+ MP+9}
  5405 | D:7      | Found a staircase to the Ecumenical Temple.
  5426 | Temple   | Entered the Ecumenical Temple
  5509 | D:7      | Noticed voltaire321's ghost (novice HOMo)
  5515 | D:7      | Identified the +8 dire flail of Revolt {heavy, Fragile
                  | rPois Int+4 Dex+3}
  5516 | D:7      | Found a transporter.
  5520 | D:7      | Found a transporter.
  5537 | D:7      | Reached skill level 8 in Axes
  5540 | D:7      | HP: 1/68 [killer bee (5)]
  5541 | D:7      | Mangled by an orc warrior

Illustrated notes

Levels and vault maps discovered:
D:1:      nicolae_arrival_memento_mori, layout_basic,
          hellmonk_ecumenical_altar_crossroads
D:2:      minmay_wonky_spiral, layout_basic
D:3:      layout_loops_cross, grunt_dithmenos_smoke_and_mirrors, serial_shops,
          nicolae_shop_tiny_real_fake_doors, bh_walls_and_bars, uniq_terence
D:4:      layout_basic, corexii_shack, uniq_menkaure
D:5:      layout_basic, minmay_overflow_temple_star_quad, minmay_pentangle
D:6:      lemuel_slime, layout_gridville, ebering_ghost_rock_garden
D:7:      layout_loops_corners, nicolae_uskayaw_suspiria,
          minmay_temple_entry_junction_2, gammafunk_ghost_smash,
          kennysheep_generic_room_13
Temple:   nicolae_temple_two_arcs

Skill      XL: |  1  2  3  4  5  6  7  8  9 |
---------------+----------------------------+-----
Axes           | 3 4 5 7 8 |  8.0
Armour         | 4 5 6 |  6.8
Fighting       | 4 5 |  5.6
Shields        | 5 6 |  6.9

Action                     |  1- 3 |  4- 6 |  7- 9 || total
---------------------------+-------+-------+-------++-------
  Melee: War axe           |    72 |   142 |   187 ||   401
    Use: Scroll            |       |    10 |     2 ||    12
 Armour: Scale mail        |    16 |       |       ||    16
         Chain mail        |    12 |    76 |    41 ||   129
         Plate armour      |       |       |    61 ||    61
  Dodge: Dodged            |    43 |    62 |    56 ||   161
  Block: Buckler           |    16 |    11 |       ||    27
         Kite shield       |       |    34 |    94 ||   128
